 Dungeon Crawl Stone Soup version 0.29-a0-416-g83a48905f1 (webtiles) character file.

Game seed: 5813144122522806909

165 Lekart the Skirmisher (level 5, 0/47 HPs)
             Began as a Draconian Chaos Knight on May 16, 2022.
             Was a Plaything of Xom.
             Slain by a gnoll
             ... wielding a +0 flail
             ... led by a gnoll shaman
              (11 damage)
             ... on level 3 of the Dungeon.
             The game lasted 00:06:39 (3155 turns).

Lekart the Skirmisher (Draconian Chaos Knight)      Turns: 3155, Time: 00:06:40

Health: 0/47       AC:  5    Str: 14    XL:     5   Next: 21%
Magic:  5/5        EV: 12    Int: 10    God:    Xom [....*.]
Gold:   102        SH:  0    Dex: 11    Spells: 4/4 levels left

rFire   . . .      SeeInvis .   a - +1 falchion (drain)
rCold   . . .      Faith    .   (no shield)
rNeg    . . .      Spirit   .   (body armour unavailable)
rPois   .          Reflect  .   (helmet restricted)
rElec   .          Harm     .   (no cloak)
rCorr   .          Rampage  .   (no gloves)
Will    .....                   (no boots)
Stlth   +.........              (no amulet)
HPRegen 0.15/turn               (no ring)
MPRegen 0.09/turn               (no ring)

@: liquefying, slowed movement, very slow
A: AC +5, unfitting armour, cold-blooded, clumsy 1, dopey 1, screaming 1
a: Renounce Religion


You were on level 3 of the Dungeon.
You worshipped Xom.
You were a beloved toy of Xom.
You visited 1 branch of the dungeon, and saw 3 of its levels.

You collected 102 gold pieces.

Inventory:

Hand Weapons
 a - a +1 falchion of draining (weapon)
Scrolls
 e - 2 scrolls of identify
 f - 2 scrolls of teleportation
 j - a scroll of magic mapping {unknown}
Potions
 c - 3 potions of curing
 d - 4 potions of heal wounds
 g - a potion of brilliance {unknown}
 h - a potion of might {unknown}
Miscellaneous
 b - a piece from Xom's chessboard (15/15)


   Skills:
 * Level 4.5 Fighting
 + Level 4.1 Long Blades
 + Level 0.3 Throwing
 + Level 3.1 Dodging
 * Level 1.3 Evocations


You had 4 spell levels left.
You didn't know any spells.
Your spell library contained the following spells:

 Spells                   Type           Power      Damage    Failure   Level
 Animate Skeleton         Necr           0%         N/A       36%         1
 Pain                     Necr           0%         1d4       36%         1
 Shock                    Conj/Air       0%         1d3       36%         1
 Swiftness                Air            0%         N/A       75%         3
 Vampiric Draining        Necr           0%         2d6       75%         3
 Airstrike                Air            0%         N/A       98%         4


Dungeon Overview and Level Annotations

Branches:
Dungeon (3/15)

Altars:

Annotations:
D:2 exclusion: 2 downstairs


Innate Abilities, Weirdness & Mutations

Your plain brown scales are hard. (AC +5)
You cannot fit into any form of body armour.
You are cold-blooded and may be slowed by cold attacks.
You are clumsy. (Dex -2)
You are dopey. (Int -2)
You occasionally shout uncontrollably at your foes.


Message History

You hit the gnoll.
The gnoll is lightly wounded.
The gnoll becomes momentarily stuck in the liquid earth.
The gnoll hits you with a +0 flail!
A shower of butterflies erupts from you!
The gnoll becomes momentarily stuck in the liquid earth.
The gnoll closely misses you.
You hit the gnoll. You drain the gnoll.
The gnoll is heavily wounded.
The gnoll closely misses you. x2; The gnoll misses you.
The gnoll hits you but does no damage.
You barely miss the gnoll. You tail-slap the gnoll.
The gnoll is severely wounded.
The gnoll becomes momentarily stuck in the liquid earth.
The gnoll closely misses you.
The gnoll becomes momentarily stuck in the liquid earth.
You hit the gnoll.
The gnoll is almost dead.
The gnoll becomes momentarily stuck in the liquid earth.
The gnoll barely misses you. x2; The gnoll closely misses you.
You barely miss the gnoll.
The gnoll is almost dead.
The gnoll hits you with a +0 club. The gnoll misses you.
The gnoll becomes momentarily stuck in the liquid earth.
The gnoll hits you but does no damage.
You hit the gnoll.
You kill the gnoll!
The gnoll closely misses you. x2
You hit the gnoll but do no damage. You drain the gnoll.
Your tail-slap misses the gnoll.
The gnoll is moderately wounded.
The gnoll hits you with a +0 flail! The gnoll hits you with a +0 spear.
* * * LOW HITPOINT WARNING * * *
You hit the gnoll but do no damage.
The gnoll is moderately wounded.
The gnoll becomes momentarily stuck in the liquid earth.
The gnoll hits you with a +0 spear.
* * * LOW HITPOINT WARNING * * *
The gnoll hits you with a +0 flail!
You die...

#.......g# ....
##........# ....
#.........# ...
#^#.[.....# ..
#........#######
##...<#........#
#...##........#
#...##)g......#
####..@g......#
###.).b######
#....b.b.###
#....b.....#
#.....b..#.#
#........#.# ##
###.....(.<#.#
#.
#...###.#.##.#
#. #.#.#
#.#....# #.


You could see 2 gnolls.

Vanquished Creatures
  A gnoll shaman (D:3)
  An iguana (D:3)
  3 gnolls (D:3)
  An adder (D:3)
  A worm (D:3)
  2 dart slugs (D:3)
  5 ball pythons
  4 endoplasms
  5 giant cockroaches
  9 hobgoblins
  2 jackals (D:3)
  5 kobolds
  2 quokkas (D:1)
  6 bats
  A frilled lizard (D:1)
  9 goblins
  6 rats
63 creatures vanquished.

Vanquished Creatures (others)
  2 plants (D:2)
2 creatures vanquished.

Grand Total: 65 creatures vanquished

Notes
Turn   | Place    | Note
-------+----------+-------------------------------------------
     0 | D:1      | Lekart the Draconian Chaos Knight began the quest for the
                  | Orb.
     0 | D:1      | Reached XP level 1. HP: 19/19 MP: 1/1
   176 | D:1      | XOM: silly message
   266 | D:1      | Reached XP level 2. HP: 26/26 MP: 2/2
   507 | D:1      | XOM: divination: detect creatures
   753 | D:1      | XOM: silly message
   853 | D:1      | Reached XP level 3. HP: 33/33 MP: 3/3
  1000 | D:1      | XOM: divination: magic mapping
  1729 | D:2      | XOM: silly message
  1776 | D:2      | XOM is BORED!
  1776 | D:2      | XOM: silly message
  2031 | D:2      | XOM: divination: magic mapping
  2249 | D:3      | Reached XP level 4. HP: 37/40 MP: 4/4
  2371 | D:3      | XOM: god gift: potion of curing
  2494 | D:3      | Reached skill level 1 in Evocations
  2644 | D:3      | XOM: confuse monster(s)
  2763 | D:3      | XOM is BORED!
  2941 | D:3      | XOM: scenery: summon butterflies
  3090 | D:2      | XOM: give mutations
  3090 | D:2      | Gained mutation: You are dopey. (Int -2) [Xom's mischief]
  3090 | D:2      | Gained mutation: You occasionally shout uncontrollably at
                  | your foes. [Xom's mischief]
  3090 | D:2      | Gained mutation: You are clumsy. (Dex -2) [Xom's mischief]
  3139 | D:3      | XOM: cast spell 'Leda's Liquefaction'
  3146 | D:3      | Reached XP level 5. HP: 47/47 MP: 5/5
  3148 | D:3      | XOM: butterfly on damage
  3155 | D:3      | Slain by a gnoll

Illustrated notes

Levels and vault maps discovered:
D:1:      dreamdust_arrival_beginning_and_end, layout_loops_ring, minivault_27,
          st_stairs_4, minmay_quantized
D:2:      layout_rooms, serial_forest, infiniplex_forest_clump_double,
          infiniplex_forest_zigzag_1, infiniplex_forest_end_1,
          infiniplex_forest_corner_1, infiniplex_forest_straight_5,
          infiniplex_forest_clump_small, infiniplex_forest_clump_small,
          infiniplex_forest_pool, infiniplex_forest_clump_medium,
          infiniplex_forest_straight_3
D:3:      layout_basic, kennysheep_big_empty_room, minmay_goblin_outpost

Skill      XL: |  1  2  3  4 |
---------------+-------------+-----
Fighting       | 4 |  4.5
Dodging        | 3 |  3.1
Evocations     | 1 |  1.3
Long Blades    | 4 |  4.1
Throwing       | |  0.3

Action                   |  1- 3 |  4- 6 || total
-------------------------+-------+-------++-------
Melee: Falchion          |   132 |    52 ||   184
       Tailslap          |    13 |     7 ||    20
       Punch             |     2 |       ||     2
Throw: Dart              |     1 |    14 ||    15
Evoke: Piece from Xom's  |     5 |     3 ||     8
  Use: Scroll            |     8 |       ||     8
       Potion            |     1 |       ||     1
Armor: Skin              |    51 |    14 ||    65
Dodge: Dodged            |   114 |    44 ||   158

Table legend: (Time is in decaauts)
 A = Elapsed time spent in this place.
 B = Non-inter-level travel time spent in this place.
 C = Inter-level travel time spent in this place.
 D = Time resting spent in this place.
 E = Time spent auto-exploring this place.
 F = Levels seen in this place.
 G = Mean time per level.
                   A        B        C        D        E       F      G
               +--------+--------+--------+--------+--------+-----+--------+
         Total |   3186 |   3089 |     97 |    498 |   1992 |   3 | 1062.0 |
       Dungeon |   3186 |   3089 |     97 |    498 |   1992 |   3 | 1062.0 |
               +--------+--------+--------+--------+--------+-----+--------+

Top non-repeatable levels by time:
     D:1: 1305 daAuts
     D:2: 1029 daAuts
     D:3: 851 daAuts
